 Dungeon Crawl Stone Soup version 0.30-b1-2-g02819fbbbe (webtiles) character file.

Game seed: 11748340324976385203

15 Alarkh the Insei (level 2, 22/22 HPs)
             Began as a Demonspawn Warper on May 25, 2023.
             Got out of the dungeon alive.
             The game lasted 00:00:44 (384 turns).

Alarkh the Insei (Demonspawn Warper)                 Turns: 384, Time: 00:00:44

Health: 22/22      AC:  5    Str: 11    XL:     2   Next: 34%
Magic:  5/5        EV: 11    Int: 14    God:
Gold:   11         SH:  0    Dex: 12    Spells: 5/5 levels left

rFire   . .          .
                       - Unarmed
rCold   . . .        (no shield)
rNeg    . . .        a - +0 leather armour
rPois   .            (no helmet)
rElec   .            (no cloak)
rCorr   .            (no gloves)
SInv    .            (no boots)
Will    .....        (no amulet)
Stlth   +            (no ring)
HPRegen 0.23/turn    (no ring)
MPRegen 0.09/turn

%: no passive effects
@: no status effects
A: icy blue scales 1
a: no special abilities


You escaped.
You visited 1 branch of the dungeon, and saw 1 of its levels.

You collected 11 gold pieces.

Inventory:

Missiles
 c - 3 boomerangs of dispersal (quivered)
Armour
 a - a +0 leather armour (worn)
Scrolls
 b - a scroll of blinking


   Skills:
 - Level 2.0 Fighting
 - Level 0.8 Throwing
 - Level 0.8 Armour
 - Level 1.7 Dodging
 + Level 2.7 Unarmed Combat
 - Level 2.0 Spellcasting
 - Level 2.6 Translocations


You had 5 spell levels left.
You didn't know any spells.
Your spell library contained the following spells:

 Spells                   Type           Power      Damage    Failure   Level
 Blink                    Tloc           16%        N/A       16%         2
 Lesser Beckoning         Tloc           16%        N/A       16%         2
 Teleport Other           Tloc           8%         N/A       30%         3
 Vhi's Electric Charge    Tloc/Air       10%        N/A       47%         3
 Manifold Assault         Tloc           8%         N/A       71%         4


Dungeon Overview and Level Annotations

Branches:
Dungeon (1/15)

Altars:


Innate Abilities, Weirdness & Mutations

You are partially covered in icy blue scales. (AC +2)


Message History

The bat misses you.
The endoplasm hits you but does no damage.
The bat hits you but does no damage.
You hit the endoplasm.
You kill the endoplasm!
The bat misses you. The bat completely misses you.
You hit the endoplasm but do no damage. The bat misses you.
The endoplasm hits you but does no damage.
The bat barely misses you.
You hit the endoplasm.
The endoplasm is severely wounded.
The bat hits you. The endoplasm hits you.
You hit the endoplasm but do no damage.
The endoplasm is severely wounded.
The bat hits you but does no damage. The endoplasm barely misses you.
You completely miss the endoplasm.
The endoplasm is severely wounded.
The endoplasm freezes you.
You are frozen.
You hit the endoplasm.
You kill the endoplasm!
The bat closely misses you.
You miss the quokka. The quokka misses you.
The bat hits you but does no damage.
You hit the quokka.
The quokka is almost dead.
The bat hits you but does no damage. x2; The quokka closely misses you.
You hit the quokka.
You kill the quokka!
The bat closely misses you.
You swing at nothing.
The bat hits you.
You swing at nothing.
The bat misses you.
You completely miss the bat. The bat hits you but does no damage.
You closely miss the bat. You punch the bat.
You kill the bat!
You see here a quokka corpse.
You see here a +0 dagger.
There is a staircase leading out of the dungeon here.
Are you sure you want to leave the Dungeon?
This will make you lose the game!
You have escaped!

#........### #
####.###...# ############
#..####.### #.........##
##.# #...#####.........##
#.# ###...............##
#.############.........##
#.##......)..............
#)##.##.########.....##..
#.##.#..@.# #.....##..
#....#....# #.........
##....##+#+# #####.....
#........# #..#..
#.........# #.....
#....)....# #....#
#.........# #.....
#.........# #.....
#.........# #.....


There were no monsters in sight!

Vanquished Creatures
  A ball python (D:1)
  2 endoplasms (D:1)
  A giant cockroach (D:1)
  2 kobolds (D:1)
  2 quokkas (D:1)
  2 bats (D:1)
  2 goblins (D:1)
  2 rats (D:1)
14 creatures vanquished.

Notes
Turn   | Place    | Note
-------+----------+-------------------------------------------
     0 | D:1      | Alarkh the Demonspawn Warper began the quest for the Orb.
     0 | D:1      | Reached XP level 1. HP: 16/16 MP: 3/3
   309 | D:1      | Gained mutation: You are partially covered in icy blue
                  | scales. (AC +2) [demonic ancestry]
   309 | D:1      | Reached XP level 2. HP: 22/22 MP: 5/5
   384 | D:$      | Got out of the dungeon alive.

Illustrated notes

Levels and vault maps discovered:
D:1:      dpeg_arrival_ratfight, layout_rooms, minmay_crystal_water

Skill      XL: |  1 |
---------------+----+-----
Unarmed Combat | 2 |  2.7
Fighting       | |  2.0
Throwing       | |  0.8
Armour         | |  0.8
Dodging        | |  1.7
Spellcasting   | |  2.0
Translocations | |  2.6

Action                     || total
---------------------------++-------
  Melee: Unarmed           ||    57
         Punch             ||     2
  Throw: Boomerang         ||     4
    Use: Potion            ||     1
 Armour: Leather armour    ||    34
  Dodge: Dodged            ||    64
